 Dungeon Crawl Stone Soup version 0.31-a0-845-g9abc20d24f (webtiles) character file.

Game seed: 13389437229856714123

310 Ethylacetat the Changeling (level 6, -1/41 HPs)
             Began as an Octopode Shapeshifter on Oct 2, 2023.
             Slain by a gnoll
             ... wielding a +0 halberd
              (14 damage)
             ... on level 4 of the Dungeon.
             The game lasted 00:02:54 (2933 turns).

Ethylacetat the Changeling (Octopode Shapeshifter)  Turns: 2933, Time: 00:02:55

Health: -1/41      AC:  1    Str: 13    XL:     6   Next: 41%
Magic:  6/6        EV: 12    Int: 12    God:
Gold:   164        SH:  8    Dex: 14    Spells: 5/5 levels left

rFire   . .          .
                       - Unarmed
rCold   . . .        k - +0 kite shield {rPois}
rNeg    . . .        (helmet currently unavailable)
rPois   +            (no amulet)
rElec   .            e - ring of see invisible
rCorr   .            (no ring)
SInv    +            (no ring)
Will    .....        (no ring)
Stlth   ++           (no ring)
HPRegen 0.26/turn    (no ring)
MPRegen 0.10/turn    (no ring)
                     (no ring)

%: no passive effects
@: beast-form
A: beast (slay +2), almost no armour, amphibious, 8 rings, camouflage 1,
gelatinous body 1, (nimble swimmer 1), tentacles
a: Begin Untransformation


You were on level 4 of the Dungeon.
You were a hulking beast.
You visited 1 branch of the dungeon, and saw 4 of its levels.

You collected 164 gold pieces.

Inventory:

Missiles
 m - 3 curare-tipped darts
Armour
 k - a +0 kite shield of poison resistance (worn)
Jewellery
 e - a ring of see invisible (left tentacle)
Talismans
 b - a beast talisman (active)
 c - a flux talisman
Scrolls
 h - a scroll of enchant armour {unknown}
 i - 4 scrolls of identify {unknown}
 n - 2 scrolls of amnesia {unknown}
 p - a scroll of fog {unknown}
 r - a scroll of enchant weapon {unknown}
 s - 3 scrolls of torment {unknown}
 t - a scroll of teleportation {unknown}
Potions
 a - a potion of lignification
 d - a potion of heal wounds {unknown}
 f - a potion of berserk rage {unknown}
 g - a potion of curing {unknown}
 j - a potion of cancellation {unknown}
 l - a potion of mutation {unknown}
 o - 2 potions of enlightenment {unknown}
 q - a potion of resistance {unknown}


   Skills:
 + Level 2.6 Fighting
 + Level 3.2 Dodging
 + Level 2.0 Shields
 + Level 3.9 Unarmed Combat
 * Level 4.4 Shapeshifting


You had 5 spell levels left.
You didn't know any spells.
Your spell library contained the following spells:

 Spells                   Type           Power      Damage    Failure   Level
 Apportation              Tloc           0%         N/A       77%         1
 Necrotise                Necr           0%         1d4       77%         1
 Summon Small Mammal      Summ           0%         N/A       77%         1


Dungeon Overview and Level Annotations

Branches:
Dungeon (4/15)
 Temple: D:4-7

Altars:
Makhleb
Qazlal
Yredelemnul

Shops:
D:1 (   D:3 [


Innate Abilities, Weirdness & Mutations

You are a hulking beast.
Your limbs bulge with bestial killing power. (Slay +2)
You cannot wear most types of armour.
You are amphibious.
You can wear up to eight rings at the same time.
Your skin changes colour to match your surroundings (Stealth+).
Your rubbery body absorbs attacks. (AC +1, EV +1)
((You are camouflaged when in or above water. (Stealth+)))
You have tentacles for arms and can constrict up to eight enemies at once.


Message History

You tentacle-slap the hound.
You kill the hound!
Your Shields skill increases to level 2!
You see here a hound corpse.
i - 4 scrolls labelled BITSUEXOANI (gained 1)
You open the door.
Key pressed, stopping explore.
No target in view!
Key pressed, stopping explore.
No target in view!
No target in view!
There is an open door here.
There is an open door here.
You see here a +2 mace of protection.
A gnoll comes into view. It is wielding a +0 halberd.
A gnoll is nearby!
Found a fizzy brown potion.
Found a stone staircase leading down.
A gnoll is nearby!
A gnoll comes into view. It is wielding a +0 flail.
The gnoll shouts! x2; You hear a shout!
The gnoll closely misses you.
A hound comes into view.
There are monsters nearby!
You tentacle-slap the gnoll. Your grab misses the gnoll.
Your squeeze misses the gnoll.
The gnoll is moderately wounded.
You block the gnoll's attack. x2
There are monsters nearby!
You closely miss the gnoll. You grab the gnoll.
The gnoll is moderately wounded.
You constrict the gnoll. The gnoll hits you with a +0 flail!
The gnoll hits you with a +0 halberd.
A shadow imp comes into view.
The gnoll closely misses you. You block the gnoll's attack.
There are monsters nearby!
You completely miss the gnoll.
The gnoll is heavily wounded.
You constrict the gnoll. The gnoll hits you with a +0 flail!
The gnoll hits you with a +0 halberd!
You die...

.###.#.# .###.#.#
#.......# .......#
#....... ####.###
#......# #.# ...!..+
#.# .....# #.# .h.. #.#
####g## ##.### #...hg#
##....# #.##..###
##...#.######.##.....
....))..............5.'
##.[)#.###.##.##...#.##
##)##.# #.##...>.##.#
##.##.# #.##....... #
#.....# #.##.######.
#..######.##.#


You could see a hound, 2 gnolls and a shadow imp.

Vanquished Creatures
  A hound (D:4)
  2 orc priests (D:3)
  Terence (D:2)
  2 orc wizards (D:4)
  A gnoll (D:4)
  5 adders
  An ufetubus (D:3)
  2 worms
  3 dart slugs
  9 orcs
  5 ball pythons
  6 bats
  7 endoplasms
  2 giant cockroaches
  8 goblins
  4 hobgoblins
  2 quokkas (D:2)
  A frilled lizard (D:2)
  8 kobolds
  3 rats
  A spectral orc (D:3)
74 creatures vanquished.

Notes
Turn   | Place    | Note
-------+----------+-------------------------------------------
     0 | D:1      | Ethylacetat the Octopode Shapeshifter began the quest for
                  | the Orb.
     0 | D:1      | Reached XP level 1. HP: 13/13 MP: 1/1
   195 | D:1      | Found Kureliba's Weapon Shop.
   203 | D:1      | Reached XP level 2. HP: 11/18 MP: 2/2
   691 | D:2      | Reached XP level 3. HP: 22/23 MP: 3/3
   898 | D:2      | Reached XP level 4. HP: 29/29 MP: 4/4
  1117 | D:2      | Found a stormy altar of Qazlal.
  1195 | D:2      | Noticed Terence
  1209 | D:2      | Killed Terence
  1210 | D:2      | Reached skill level 1 in Shields
  1689 | D:3      | Reached XP level 5. HP: 19/34 MP: 5/5
  1693 | D:3      | Reached skill level 4 in Shapeshifting
  1850 | D:3      | Found Xuel's Armour Emporium.
  1991 | D:3      | Found a basalt altar of Yredelemnul.
  2249 | D:3      | Found a burning altar of Makhleb.
  2653 | D:4      | Reached XP level 6. HP: 30/41 MP: 6/6
  2933 | D:4      | Slain by a gnoll

Illustrated notes

Levels and vault maps discovered:
D:1:      co_arrival_square_in_a_square_in_a_square, layout_basic, serial_shops,
          shop, minmay_misc_feat_plants, minmay_crystal_room
D:2:      layout_basic, basic_altar, uniq_terence
D:3:      layout_basic, yredelemnul_forgotten_temple_becter,
          general_overflow_altar, serial_shops, shop
D:4:      layout_loops_corners, kennysheep_mini

Skill      XL: |  1  2  3  4  5  6 |
---------------+-------------------+-----
Shields        | 1 2 |  2.0
Fighting       | 2 |  2.6
Shapeshifting  | 4 |  4.4
Dodging        | 3 |  3.2
Unarmed Combat | |  3.9

Action                     |  1- 3 |  4- 6 || total
---------------------------+-------+-------++-------
  Melee: Unarmed           |    52 |   106 ||   158
         Constrict         |     9 |    29 ||    38
         Tentacles         |     8 |    29 ||    37
         Punch             |     1 |     1 ||     2
   Stab: Sleeping          |     6 |     8 ||    14
 Armour: Skin              |    14 |    38 ||    52
  Dodge: Dodged            |    30 |    39 ||    69
  Block: Kite shield       |     8 |    34 ||    42

Table legend: (Time is in decaauts)
 A = Elapsed time spent in this place.
 B = Non-inter-level travel time spent in this place.
 C = Inter-level travel time spent in this place.
 D = Time resting spent in this place.
 E = Time spent auto-exploring this place.
 F = Levels seen in this place.
 G = Mean time per level.
                   A        B        C        D        E       F      G
               +--------+--------+--------+--------+--------+-----+--------+
         Total |   2950 |   2830 |    120 |      0 |   2318 |   4 |  737.5 |
       Dungeon |   2950 |   2830 |    120 |      0 |   2318 |   4 |  737.5 |
               +--------+--------+--------+--------+--------+-----+--------+

Top non-repeatable levels by time:
     D:2: 1100 daAuts
     D:3: 893 daAuts
     D:4: 514 daAuts
     D:1: 441 daAuts
